 Dungeon Crawl Stone Soup version 0.30-a0-4-ga7cffc901d (webtiles) character file.

Game seed: 15200267497587357700

84 siradein the Trooper (level 4, -4/61 HPs)
             Began as a Hill Orc Fighter on Aug 21, 2022.
             Succumbed to Terence's poison
             ... on level 3 of the Dungeon.
             The game lasted 00:02:57 (2598 turns).

siradein the Trooper (Hill Orc Fighter)             Turns: 2598, Time: 00:02:58

Health: -4/61      AC: 22    Str: 22    XL:     4   Next: 45%
Magic:  4/4        EV:  2    Int: 10    God:
Gold:   203        SH:  4    Dex: 10    Spells: 3/3 levels left

rFire   . . .      SeeInvis .    x - +8 hammer of Valiance {holy, Str+4}
rCold   + . .      Faith    .    c - +0 buckler
rNeg    . . .      Spirit   .    (body armour currently unavailable)
rPois   +          Reflect  .    (helmet currently unavailable)
rElec   .          Harm     .    (cloak currently unavailable)
rCorr   .          Rampage  .    (gloves currently unavailable)
Will    .....      NoTele   +    (boots currently unavailable)
Stlth   +.........               (no amulet)
HPRegen 0.20/turn                n - ring of protection from cold
MPRegen 0.09/turn                i - +4 ring of evasion

@: lethally poisoned (-4 -> -24), tree-form, invisible
A: stationary, stasis, torment immunity, boosted hp
a: no special abilities


You were on level 3 of the Dungeon.
You were a tree.
You visited 1 branch of the dungeon, and saw 3 of its levels.

You collected 203 gold pieces.

Inventory:

Hand Weapons
 a - a +0 war axe
 x - the +8 hammer of Valiance (weapon) {holy, Str+4}
   (You found it on level 3 of the Dungeon)

   It has been blessed by the Shining One to cause great damage to the undead
   and demons.
   Str:       It affects your strength (+4).
Missiles
 u - 3 curare-tipped darts (quivered)
Armour
 b - a +0 scale mail (melded)
 c - a +0 buckler (worn)
 y - a +0 helmet (melded)
Jewellery
 f - a ring of flight
 g - a ring of fire
 i - a +4 ring of evasion (right branch)
 n - a ring of protection from cold (left branch)
Wands
 s - a wand of mindburst (19)
Scrolls
 h - 3 scrolls of teleportation {unknown}
 k - 2 scrolls of poison {unknown}
 l - a scroll of fog {unknown}
 o - a scroll of enchant armour {unknown}
 p - a scroll of enchant weapon {unknown}
 q - a scroll of vulnerability {unknown}
 r - a scroll of amnesia {unknown}
 t - a scroll of immolation {unknown}
 v - a scroll of acquirement {unknown}
 w - a scroll of identify {unknown}
Potions
 d - a potion of might
 j - 2 potions of lignification
 m - a potion of heal wounds {unknown}


   Skills:
 + Level 4.3 Fighting
 + Level 3.9 Axes
 + Level 4.0 Armour
 + Level 3.9 Shields


You had 3 spell levels left.
You didn't know any spells.
Your spell library contained the following spells:

 Spells                   Type           Power      Damage    Failure   Level
 Magic Dart               Conj           0%         1d3       43%         1
 Call Imp                 Summ           0%         N/A       58%         2
 Ensorcelled Hibernation  Hex/Ice        0%         N/A       58%         2
 Passwall                 Tmut/Erth      0%         N/A       58%         2
 Poisonous Vapours        Pois/Air       0%         N/A       58%         2
 Mephitic Cloud           Conj/Pois/Air  0%         N/A       82%         3
 Swiftness                Air            0%         N/A       82%         3
 Corpse Rot               Necr/Pois/Air  0%         N/A       99%         4


Dungeon Overview and Level Annotations

Branches:
Dungeon (3/15)

Altars:

Annotations:
D:3 1 runed translucent door, Crazy Yiuf, Terence


Message History

The ball python constricts you.
You sock the ball python!
You kill the ball python!
You feel very sick. Terence hits you but does no damage.
You are more poisoned.
You hit Terence.
Terence is heavily wounded.
You feel very sick. You block Terence's attack.
Terence hits you but does no damage.
You are more poisoned.
You hit Terence.
Terence is heavily wounded.
You feel very sick.
Terence hits you with a +0 short sword of venom.
You are more poisoned.
You hit Terence.
Terence is heavily wounded.
You feel very sick.
Terence hits you with a +0 short sword of venom.
You are lethally poisoned!
You are too injured to fight recklessly!
You are too injured to fight recklessly!
You are too injured to fight recklessly!
Terence attacks as you move away! Terence hits you but does no damage.
You are more poisoned.
* * * LOW HITPOINT WARNING * * *
You feel extremely sick.
* * * LOW HITPOINT WARNING * * *
You feel extremely sick.
It was a potion of lignification.
You turn into a tree.
Your +0 helmet melds into your body.
Your +0 scale mail melds into your body.
Your roots penetrate the ground.
* * * LOW HITPOINT WARNING * * *
You feel very sick. You block Terence's attack.
It was a potion of invisibility.
You fade into invisibility!
You die...

########.##♣.♣ #.# ♣.♣ ...
# #.# ♣.♣ #..# # #.# ♣.♣
#..# # ##.###.# #..#
#######...##.### #..#
...............# #..#
#####.#...##.#.###..#####.
#####.##.###.#..♣@........
......##.# #.#####..###[.
########.# #..............
#.# ############.>. ###
#.# . ..# .# #.# #.# #.#


You could see Terence (unable to see you).

Vanquished Creatures
  Robin (D:3)
  A worm (D:3)
  3 dart slugs (D:1)
  3 bats (D:1)
  3 endoplasms
  3 giant cockroaches
  13 goblins
  9 hobgoblins
  3 jackals (D:2)
  10 ball pythons
  6 frilled lizards
  2 kobolds
  5 rats
62 creatures vanquished.

Notes
Turn   | Place    | Note
-------+----------+-------------------------------------------
     0 | D:1      | siradein the Hill Orc Fighter began the quest for the Orb.
     0 | D:1      | Reached XP level 1. HP: 19/19 MP: 1/1
   220 | D:1      | Reached XP level 2. HP: 27/27 MP: 2/2
   590 | D:1      | Reached XP level 3. HP: 29/33 MP: 3/3
   871 | D:1      | Found a faded altar of an unknown god.
  2107 | D:3      | Reached XP level 4. HP: 32/40 MP: 4/4
  2221 | D:3      | Found a runed translucent door.
  2228 | D:3      | Noticed Crazy Yiuf
  2239 | D:3      | Identified the +8 hammer of Valiance {holy, Str+4}
  2310 | D:3      | Noticed Robin
  2321 | D:3      | Killed Robin
  2584 | D:3      | Noticed Terence
  2597 | D:3      | HP: 1/61 [poisoned by Terence]
  2598 | D:3      | Succumbed to Terence's poison

Illustrated notes

Levels and vault maps discovered:
D:1:      evilmike_arrival_rings, layout_loops_corners,
          nicolae_ecumenical_snake_handling, st_stairs_6
D:2:      layout_loops_ring, columned_hall_lemuel
D:3:      layout_loops_ring, mainiacjoe_overflow_surrounded_room,
          lemuel_round_altar, dreamdust_princess_corridor, uniq_natasha,
          uniq_terence, uniq_crazy_yiuf_cottage, uniq_robin

Skill      XL: |  1  2  3  4 |
---------------+-------------+-----
Axes           | 3 |  3.9
Fighting       | 4 |  4.3
Armour         | 4 |  4.0
Shields        | |  3.9

Action                   |  1- 3 |  4- 6 || total
-------------------------+-------+-------++-------
Melee: War axe           |   114 |       ||   114
       Mace              |       |    29 ||    29
  Use: Potion            |       |     2 ||     2
Armor: Scale mail        |    41 |    11 ||    52
Dodge: Dodged            |    61 |    14 ||    75
Block: Buckler           |    20 |    15 ||    35

Table legend: (Time is in decaauts)
 A = Elapsed time spent in this place.
 B = Non-inter-level travel time spent in this place.
 C = Inter-level travel time spent in this place.
 D = Time resting spent in this place.
 E = Time spent auto-exploring this place.
 F = Levels seen in this place.
 G = Mean time per level.
                   A        B        C        D        E       F      G
               +--------+--------+--------+--------+--------+-----+--------+
         Total |   2647 |   2540 |    107 |      0 |   2092 |   3 |  882.3 |
       Dungeon |   2647 |   2540 |    107 |      0 |   2092 |   3 |  882.3 |
               +--------+--------+--------+--------+--------+-----+--------+

Top non-repeatable levels by time:
     D:1: 1320 daAuts
     D:2: 767 daAuts
     D:3: 559 daAuts
